[Event "Titled Tuesday Blitz January 10 Late 2023"]
[White "Karas, Marek"]
[Black "Bozorov, Makhsum"]
[WhiteFideId "14928558"]
[BlackFideId "14201330"]
[WhiteElo "2227"]
[BlackElo "2145"]
[Result "1-0"]
[Round "07"]
[TimeControl "180+2"]
[Date "2023.01.10"]
[WhiteClock "0:02:17"]
[BlackClock "0:00:06"]

1. Nf3 Nf6 2. c4 g6 3. g3 Bg7 4. Bg2 O-O 5. b3 c5 6. Bb2 Nc6 7. O-O d6 8. d4 cxd4 9. Nxd4 Bd7 10. Nc3 a6 11. Rc1 Rb8 12. e3 Re8 13. Qe2 Qa5 14. a3 Rec8 15. b4 Qd8 16. Nxc6 Bxc6 17. Nd5 Nxd5 18. Bxg7 Kxg7 19. cxd5 Bb5 20. Qb2+ Kg8 21. Rxc8 Rxc8 22. Rc1 Bd7 23. h4 h5 24. Bf3 Rc7 25. Be4 Qc8 26. Rxc7 Qxc7 27. Qc2 Qxc2 28. Bxc2 b6 29. Bd3 a5 30. bxa5 bxa5 31. Kf1 Kf8 32. Ke2 e5 33. dxe6 Bxe6 34. Kd2 Ke7 35. Kc3 Ba2 36. Kd4 Be6 37. e4 Bb3 38. e5 dxe5+ 39. Kxe5 Ba2 40. f4 f5 41. Bb5 Bb3 42. Bc6 Ba2 43. Bd5 Bb1 44. Bc4 Bc2 45. Kd5 Ba4 46. Kc5 Bd7 47. Kb6 a4 48. Bb5 Be6 49. Bxa4 1-0


[Site "https://www.chess.com"]

[Event "Titled Tuesday Blitz January 10 Late 2023"]
[White "Ladan, Nicholas"]
[Black "Pakleza, Zbigniew"]
[WhiteFideId "30918855"]
[BlackFideId "1119290"]
[WhiteElo "2228"]
[BlackElo "2494"]
[Result "1-0"]
[Round "07"]
[TimeControl "180+2"]
[Date "2023.01.10"]
[WhiteClock "0:00:42"]
[BlackClock "0:00:02"]

1. b4 Nf6 2. Bb2 d5 3. e3 Bf5 4. d3 e6 5. a3 h6 6. Nf3 Be7 7. Nbd2 Bh7 8. Be2 Nbd7 9. O-O O-O 10. c4 c6 11. Qb3 a5 12. Rfc1 Qb6 13. c5 Qc7 14. d4 b5 15. cxb6 Qxb6 16. bxa5 Qxa5 17. Rxc6 Rfb8 18. Qa2 Qa4 19. Rcc1 Nb6 20. Bd1 Qa6 21. a4 Ne4 22. Nxe4 Bxe4 23. Ne5 Bd6 24. a5 Bxe5 25. dxe5 Nc4 26. Bc3 Rc8 27. Be2 Ra7 28. Qa4 Rac7 29. Bd4 Kh7 30. h4 g5 31. hxg5 hxg5 32. f3 Bg6 33. Kf2 Kg7 34. Rh1 Ra8 35. Bb6 Nxb6 36. axb6 Qxa4 37. Rxa4 Rxa4 38. bxc7 Ra8 39. Rc1 1-0


[Site "https://www.chess.com"]

[Event "Titled Tuesday Blitz January 10 Late 2023"]
[White "Fernandez Garcia, Gumersindo"]
[Black "Maksimovic, Bojan"]
[WhiteFideId "24516740"]
[BlackFideId "14408120"]
[WhiteElo "2160"]
[BlackElo "2486"]
[Result "0-1"]
[Round "07"]
[TimeControl "180+2"]
[Date "2023.01.10"]
[WhiteClock "0:00:07"]
[BlackClock "0:00:54"]

1. d4 Nf6 2. c4 c5 3. d5 b5 4. cxb5 a6 5. bxa6 g6 6. Nc3 Bg7 7. e4 O-O 8. e5 Ne8 9. h4 d6 10. h5 Bxe5 11. Bh6 Ng7 12. Bd3 Nxa6 13. Nf3 Bg4 14. hxg6 fxg6 15. Bxg7 Bxg7 16. Qe2 Nb4 17. Be4 Qa5 18. a3 Qa6 19. Qxa6 Nxa6 20. Kd2 Rfb8 21. Kc2 Nc7 22. Nd2 Bf5 23. Bxf5 gxf5 24. Rae1 Re8 25. Rh3 Bxc3 26. Rxc3 Nxd5 27. Rg3+ Kf7 28. Nc4 Rg8 29. Rh3 Rxg2 30. Rxh7+ Kg6 31. Rh3 Rxf2+ 32. Kc1 Rg8 33. Ne3 Nxe3 34. Rexe3 e5 35. Kb1 f4 36. Rd3 Rd8 37. Rh1 c4 38. Rd5 Kf5 39. Rhd1 Ke6 40. a4 f3 41. a5 Re2 42. Rf1 Kxd5 0-1


[Site "https://www.chess.com"]

[Event "Titled Tuesday Blitz January 10 Late 2023"]
[White "Kozin, Yuri"]
[Black "Ruiz Castillo, Joshua Daniel"]
[WhiteFideId "4129920"]
[BlackFideId "4400704"]
[WhiteElo "2251"]
[BlackElo "2459"]
[Result "0-1"]
[Round "07"]
[TimeControl "180+2"]
[Date "2023.01.10"]
[WhiteClock "0:00:10"]
[BlackClock "0:01:33"]

1. e4 c6 2. d4 d5 3. exd5 cxd5 4. c4 Nf6 5. Nc3 e6 6. Nf3 Bb4 7. cxd5 Nxd5 8. Bd2 O-O 9. Bd3 b6 10. Qc2 Nf6 11. O-O Ba6 12. Bxa6 Nxa6 13. Qa4 Bxc3 14. bxc3 Nc7 15. Bg5 h6 16. Bh4 Ncd5 17. c4 Nf4 18. Rfd1 Ne2+ 19. Kh1 Nc3 20. Qb3 Nxd1 21. Rxd1 Rc8 22. Ne5 Qc7 23. Bxf6 gxf6 24. Qg3+ Kh7 25. Qd3+ f5 26. Rc1 Rfd8 27. Qe3 f6 28. Nd3 Qd6 29. h3 e5 30. d5 Qd7 31. Qe2 Rg8 32. Nb4 Rc5 33. Nc6 b5 34. Qd3 bxc4 0-1


[Site "https://www.chess.com"]

[Event "Titled Tuesday Blitz January 10 Late 2023"]
[White "Gubajdullin, Alexei"]
[Black "Jovic, Stanoje"]
[WhiteFideId "4141202"]
[BlackFideId "905020"]
[WhiteElo "2285"]
[BlackElo "2075"]
[Result "1-0"]
[Round "07"]
[TimeControl "180+2"]
[Date "2023.01.10"]
[WhiteClock "0:01:51"]
[BlackClock "0:00:08"]

1. d4 Nf6 2. Nf3 e6 3. Bf4 d5 4. e3 Bd6 5. Nbd2 O-O 6. Bd3 b6 7. Bg3 c5 8. c3 Ba6 9. Bxa6 Nxa6 10. Ne5 Bxe5 11. dxe5 Ne4 12. Nxe4 dxe4 13. Qa4 Nc7 14. Qxe4 Qd5 15. Qxd5 Nxd5 16. e4 Nc7 17. Rd1 Rfd8 18. Ke2 Kf8 19. Bh4 Rxd1 20. Rxd1 Ke8 21. f4 a5 22. a4 b5 23. axb5 Nxb5 24. Kd3 a4 25. Kc4 Rb8 26. Kxc5 Na7 27. Rd4 Rb5+ 28. Kd6 f6 29. Rxa4 Nc8+ 30. Kxe6 Rb6+ 31. Kd5 Rxb2 32. Ra8 Kd7 33. e6+ Kc7 34. Kc5 Rxg2 35. f5 Re2 36. Bg3+ 1-0


[Site "https://www.chess.com"]

[Event "Titled Tuesday Blitz January 10 Late 2023"]
[White "Martinez Reyes, Pedro Ramon"]
[Black "Taboas Rodriguez, Daniel"]
[WhiteFideId "3901807"]
[BlackFideId "2208466"]
[WhiteElo "2376"]
[BlackElo "2371"]
[Result "1-0"]
[Round "07"]
[TimeControl "180+2"]
[Date "2023.01.10"]
[WhiteClock "0:02:00"]
[BlackClock "0:00:03"]

1. e4 e5 2. Nf3 Nc6 3. Bb5 Nf6 4. O-O Nxe4 5. Qe2 Nd6 6. Bxc6 dxc6 7. Qxe5+ Qe7 8. Qa5 Qd8 9. Qe5+ Qe7 10. Qa5 b6 11. Qc3 c5 12. b3 Be6 13. a4 a5 14. Bb2 O-O-O 15. Na3 Qd7 16. Ne5 Qe8 17. Qf3 Nb7 18. Nb5 Bd5 19. Qg3 Bd6 20. Rfe1 Kb8 21. Nxd6 Nxd6 22. Ng6 Qc6 23. Nxh8 Rxh8 24. Qxg7 Rc8 25. f3 h5 26. Qf6 Rg8 27. Kf2 Qd7 28. Re7 Qc6 29. Be5 h4 30. Bxd6 cxd6 31. h3 c4 32. Qd4 Rg3 33. Rae1 Bxf3 34. Qh8+ 1-0


[Site "https://www.chess.com"]

[Event "Titled Tuesday Blitz January 10 Late 2023"]
[White "Hamley, Ryan"]
[Black "Khandelwal, Ankush"]
[WhiteFideId "30959497"]
[BlackFideId "413470"]
[WhiteElo "2092"]
[BlackElo "2205"]
[Result "1-0"]
[Round "07"]
[TimeControl "180+2"]
[Date "2023.01.10"]
[WhiteClock "0:02:08"]
[BlackClock "0:01:00"]

1. d4 Nf6 2. c4 g6 3. Nc3 Bg7 4. e4 d6 5. Be3 O-O 6. h3 Na6 7. g4 b6 8. Nge2 Bb7 9. Ng3 Nxe4 10. Ngxe4 f5 11. gxf5 gxf5 12. Rg1 fxe4 13. Qg4 Rf7 14. Nxe4 Qc8 15. Ng5 Qxg4 16. Rxg4 Rf6 17. Bd3 h6 18. Ne4 Bxe4 19. Bxe4 Raf8 20. Ke2 c5 21. Rag1 R8f7 22. Bg6 Rf8 23. Bh5 1-0


[Site "https://www.chess.com"]

[Event "Titled Tuesday Blitz January 10 Late 2023"]
[White "Solon, Nathan"]
[Black "Wu, Brandon"]
[WhiteFideId "2017229"]
[BlackFideId "30909228"]
[WhiteElo "2306"]
[BlackElo "2123"]
[Result "1-0"]
[Round "07"]
[TimeControl "180+2"]
[Date "2023.01.10"]
[WhiteClock "0:01:25"]
[BlackClock "0:01:23"]

1. Nf3 Nf6 2. g3 g6 3. b3 Bg7 4. Bb2 O-O 5. Bg2 d5 6. c4 c5 7. cxd5 Nxd5 8. Bxg7 Kxg7 9. O-O Nc6 10. d4 cxd4 11. Nxd4 Nxd4 12. Qxd4+ Nf6 13. Qe5 Qb6 14. Nc3 Be6 15. Na4 Qb4 16. Nc5 Bc8 17. Qxe7 Qa5 18. Nxb7 Bxb7 19. Qxb7 Rae8 20. e3 h5 21. Rfc1 h4 22. Qc7 hxg3 23. Qxa5 1-0


[Site "https://www.chess.com"]

[Event "Titled Tuesday Blitz January 10 Late 2023"]
[White "Hsu, Li Yang"]
[Black "Ezat, Mohamed"]
[WhiteFideId "5800080"]
[BlackFideId "10600906"]
[WhiteElo "2427"]
[BlackElo "2402"]
[Result "1-0"]
[Round "07"]
[TimeControl "180+2"]
[Date "2023.01.10"]
[WhiteClock "0:00:48"]
[BlackClock "0:00:10"]

1. Nf3 Nf6 2. g3 g6 3. Bg2 Bg7 4. O-O O-O 5. d4 d6 6. b3 Nc6 7. Bb2 e5 8. dxe5 Nd7 9. c4 a5 10. Nc3 Ndxe5 11. Nxe5 Nxe5 12. Qd2 a4 13. Nd5 c6 14. Ne3 Re8 15. Rfd1 axb3 16. axb3 Rxa1 17. Bxa1 Qb6 18. b4 Ng4 19. Nxg4 Bxg4 20. Bxg7 Kxg7 21. Qc3+ Kg8 22. Rxd6 Bxe2 23. c5 Qa6 24. h4 Qc4 25. Qxc4 Bxc4 26. Rd7 Ba6 27. Bf3 Re1+ 28. Kg2 Rb1 29. Rd4 Bb5 30. h5 Kg7 31. Be4 Bf1+ 32. Kf3 Rb3+ 33. Kf4 Bb5 34. g4 Rb2 35. f3 f6 36. Rd7+ Kh6 37. Rxb7 Rxb4 38. Rf7 1-0


[Site "https://www.chess.com"]

[Event "Titled Tuesday Blitz January 10 Late 2023"]
[White "Filgueira, Hernan"]
[Black "Urbina Perez, Juan Antonio"]
[WhiteFideId "101770"]
[BlackFideId "2217368"]
[WhiteElo "2283"]
[BlackElo "2266"]
[Result "1-0"]
[Round "07"]
[TimeControl "180+2"]
[Date "2023.01.10"]
[WhiteClock "0:00:46"]
[BlackClock "0:00:06"]

1. b3 e5 2. Bb2 Nc6 3. e3 Nf6 4. c4 d6 5. Nc3 g6 6. Nf3 Bg7 7. d4 O-O 8. dxe5 Nxe5 9. Be2 Bf5 10. Nd4 Bd7 11. O-O Nc6 12. Qd2 Re8 13. Rae1 a6 14. Bf3 Rb8 15. Rd1 Nxd4 16. Qxd4 Ne4 17. Qxg7+ Kxg7 18. Nxe4+ Kf8 19. Nf6 Re6 20. Nd5 Bc6 21. Rd4 Bxd5 22. Bxd5 Re5 23. Rf4 Rf5 24. Rg4 c6 25. Bf3 Qe7 26. Rd4 Rd8 27. Rfd1 c5 28. R4d2 Rxf3 29. gxf3 Qg5+ 30. Kf1 Ke7 31. Ke2 Qh5 32. Ba3 b6 33. b4 h6 34. bxc5 bxc5 35. Rd5 Qxh2 36. Bxc5 h5 37. Bb6 Rd7 38. c5 h4 39. c6 h3 40. c7 1-0


[Site "https://www.chess.com"]

[Event "Titled Tuesday Blitz January 10 Late 2023"]
[White "Malka, Samuel"]
[Black "Hamitevici, Vladimir"]
[WhiteFideId "20643675"]
[BlackFideId "13902393"]
[WhiteElo "2165"]
[BlackElo "2496"]
[Result "1-0"]
[Round "07"]
[TimeControl "180+2"]
[Date "2023.01.10"]
[WhiteClock "0:00:54"]
[BlackClock "0:01:45"]

1. d4 e6 2. c4 Nf6 3. Nf3 Nc6 4. g3 g6 5. Bg2 Bg7 6. O-O d5 7. b3 O-O 8. e3 Re8 9. Bb2 b6 10. Ne5 Bb7 11. Nd2 Nxe5 12. dxe5 Nd7 13. f4 Nc5 14. Qc2 dxc4 15. Bxb7 cxb3 16. Nxb3 Nxb7 17. Rfd1 Qc8 18. Qc6 Bf8 19. Rd7 Nc5 20. Rxc7 Qa6 21. Bd4 Qb5 22. Qxb5 1-0


[Site "https://www.chess.com"]

[Event "Titled Tuesday Blitz January 10 Late 2023"]
[White "Bochnicka, Vladimir"]
[Black "O`Gorman, Tom"]
[WhiteFideId "14943450"]
[BlackFideId "2508249"]
[WhiteElo "2327"]
[BlackElo "2355"]
[Result "1-0"]
[Round "07"]
[TimeControl "180+2"]
[Date "2023.01.10"]
[WhiteClock "0:00:42"]
[BlackClock "0:00:31"]

1. e4 c6 2. d4 d5 3. e5 Bf5 4. h4 h5 5. c4 e6 6. Nc3 Nd7 7. cxd5 cxd5 8. Bd3 Ne7 9. Bg5 Bxd3 10. Qxd3 a6 11. Nf3 Qb6 12. O-O Nf5 13. Nxd5 exd5 14. Qxf5 Qe6 15. Qxe6+ fxe6 16. Rac1 Bb4 17. Rc7 Rb8 18. Rfc1 Ba5 19. Rc8+ Kf7 20. Rxh8 Rxh8 21. Bd2 Bxd2 22. Nxd2 Ke7 23. Nf3 Rb8 24. Ng5 b5 25. Nh3 Rf8 26. g3 Nb6 27. Nf4 Kd7 28. b3 Rh8 29. Nxe6 Kxe6 30. Rc6+ Kf5 31. Rxb6 Ke4 32. Kg2 Kxd4 33. e6 Ra8 34. e7 Ke5 35. Rxa6 Re8 36. Ra7 b4 37. Kf3 Kd4 38. Kf4 Kc3 39. Ke5 d4 40. Rc7+ Kb2 41. Kxd4 Kxa2 42. Kc4 Ka3 43. Ra7+ Kb2 44. Kxb4 Rb8+ 45. Kc4 Kc2 46. b4 Kd2 47. b5 Ke2 48. Kc5 Kxf2 49. Kc6 Kxg3 50. Ra4 g5 51. hxg5 h4 52. b6 h3 53. Ra3+ Kg2 54. Kc7 Rg8 55. b7 h2 56. Ra2+ Kg1 57. Rxh2 Kxh2 58. b8=Q Rxg5 59. Kd7+ Kg2 60. Qb2+ Kf3 61. Qc3+ Kf4 62. Qc1+ Kg4 63. Qxg5+ Kxg5 64. e8=Q 1-0


[Site "https://www.chess.com"]

[Event "Titled Tuesday Blitz January 10 Late 2023"]
[White "Sebag, Marie"]
[Black "Ongut, Tamas Gunes"]
[WhiteFideId "617822"]
[BlackFideId "770280"]
[WhiteElo "2430"]
[BlackElo "2299"]
[Result "1-0"]
[Round "07"]
[TimeControl "180+2"]
[Date "2023.01.10"]
[WhiteClock "0:00:06"]
[BlackClock "0:00:06"]

1. c4 g6 2. Nc3 Bg7 3. g3 d6 4. Bg2 e5 5. Rb1 a5 6. d3 f5 7. e3 Nf6 8. Nge2 c6 9. O-O O-O 10. a3 Be6 11. b4 axb4 12. axb4 Nbd7 13. b5 d5 14. bxc6 bxc6 15. cxd5 cxd5 16. d4 e4 17. Qb3 Rb8 18. Qa2 Rxb1 19. Nxb1 Qa8 20. Ba3 Rc8 21. Nbc3 Qa5 22. Ra1 Rxc3 23. Nxc3 Qxc3 24. Rc1 Qa5 25. Rc8+ Nf8 26. Rb8 Nd7 27. Rb1 Nb6 28. Ra1 Nc4 29. Bc5 Qxa2 30. Rxa2 Nd7 31. Bb4 Bf8 32. Bc3 Nd6 33. Bf1 g5 34. Ra8 Kf7 35. Bb4 Nc4 36. Bc3 Ndb6 37. Ra7+ Kg6 38. Be2 h5 39. Kf1 g4 40. Ke1 Bd6 41. Ra6 Kf6 42. Ra7 Bd7 43. Bxc4 dxc4 44. d5+ Ke7 45. Ra5 Na4 46. Kd2 Nc5 47. Ra7 Nd3 48. Bd4 Bb4+ 49. Bc3 Bxc3+ 50. Kxc3 Nxf2 51. Kxc4 Nd1 52. Kd4 Kd6 53. Ra6+ Kc7 54. Ra7+ Kd6 55. Ra6+ Ke7 56. Rh6 Nf2 57. Rxh5 Nh3 58. Rh7+ Kd6 59. Rh6+ Kc7 60. Kc5 Ng1 61. d6+ Kd8 62. Rh8+ Be8 63. Kd5 Nf3 64. Ke6 Ng5+ 65. Kxf5 Nf7 66. Rf8 Nxd6+ 67. Kxg4 Ke7 68. Rf1 Bd7+ 69. Kf4 Bh3 70. Ra1 Bg2 71. Ra7+ Ke6 72. Ra6 Kd5 73. Ra5+ Ke6 74. h4 Nc4 75. Rc5 Nd2 76. g4 Nf3 77. h5 Ne1 78. Rc6+ Kf7 79. Rc7+ Ke6 80. h6 Nd3+ 81. Kg3 Kd6 82. Ra7 1-0


[Site "https://www.chess.com"]

[Event "Titled Tuesday Blitz January 10 Late 2023"]
[White "Aldokhin, Ivan"]
[Black "Novikov, Evgenij"]
[WhiteFideId "24115720"]
[BlackFideId "4125380"]
[WhiteElo "2413"]
[BlackElo "2276"]
[Result "1-0"]
[Round "07"]
[TimeControl "180+2"]
[Date "2023.01.10"]
[WhiteClock "0:00:02"]
[BlackClock "0:00:02"]

1. e4 c6 2. Nc3 d5 3. d4 g6 4. h4 h5 5. Bg5 Bg7 6. Qd2 dxe4 7. O-O-O Bg4 8. f3 exf3 9. gxf3 Bf5 10. Bh3 Qd7 11. d5 Nf6 12. Bxf5 Qxf5 13. d6 O-O 14. dxe7 Re8 15. Nge2 Na6 16. Ng3 Qxf3 17. Rhg1 c5 18. Rdf1 Qc6 19. Bxf6 Bxf6 20. Nd5 Bd4 21. Nxh5 Nc7 22. Ndf6+ Bxf6 23. Rxf6 Rxe7 24. Rxc6 bxc6 25. Qh6 Ne8 26. Nf4 Rd8 27. h5 Rd6 28. hxg6 fxg6 29. Nxg6 Rg7 30. Ne7+ Kf8 31. Qf4+ Rf6 32. Qe5 1-0


[Site "https://www.chess.com"]

[Event "Titled Tuesday Blitz January 10 Late 2023"]
[White "Jakubowski, Krzysztof"]
[Black "Gasparyan, David"]
[WhiteFideId "1112848"]
[BlackFideId "13311980"]
[WhiteElo "2486"]
[BlackElo "2142"]
[Result "1/2-1/2"]
[Round "07"]
[TimeControl "180+2"]
[Date "2023.01.10"]
[WhiteClock "0:00:37"]
[BlackClock "0:00:08"]

1. e4 c5 2. Nf3 Nc6 3. d4 cxd4 4. Nxd4 Qc7 5. c4 Nf6 6. Nc3 e6 7. a3 Be7 8. Be3 O-O 9. Be2 a6 10. O-O Na5 11. Rc1 b6 12. b4 Nc6 13. Nd5 exd5 14. cxd5 Bb7 15. dxc6 dxc6 16. Nf5 Rfe8 17. f3 a5 18. Qb3 a4 19. Qa2 Bf8 20. Bc4 Bc8 21. Nd4 c5 22. Nb5 Qe5 23. Bxf7+ Kh8 24. Bxe8 Nxe8 25. bxc5 Ba6 26. Qf7 Nf6 27. Bd4 Qg5 28. Nc7 Bxf1 29. Rxf1 Bxc5 30. Nxa8 Bxd4+ 31. Kh1 h5 32. Nc7 Ng8 33. Ne6 Qf6 34. Qxf6 Bxf6 35. Rb1 Be7 36. Rxb6 Bxa3 37. Ra6 Bb2 38. Rxa4 Nf6 39. Ra5 Kh7 40. Ng5+ Kg6 41. Ra6 Be5 42. Re6 Bf4 43. e5 Bxg5 44. exf6 gxf6 45. Ra6 h4 46. g3 h3 47. Kg1 Be3+ 48. Kf1 Kg5 49. Ra4 f5 50. Rh4 f4 51. Rg4+ Kf5 52. gxf4 Bxf4 53. Kg1 Be3+ 54. Kh1 Bf2 55. Re4 Kg5 56. Re2 Bd4 57. Re4 Bf2 58. Rg4+ Kf5 59. Rc4 Be3 60. Rh4 Kg5 61. Rxh3 Kf4 62. Kg2 Kg5 63. Rh7 Bf4 64. Rb7 Kf5 65. Rb5+ Kg6 66. Kh3 Be3 67. Kg4 Bf2 68. Rd5 Bg1 69. Rb5 Kg7 70. h4 Kg6 71. h5+ Kh6 72. Rb7 Bd4 73. Rb5 Bf6 74. f4 Bg7 75. Rf5 Kh7 76. Rd5 Bc3 77. Rd6 Bb2 78. Rd7+ Kh6 79. Rd6+ Kh7 80. Rc6 Bd4 81. Kg5 Be3 82. Rc7+ Kg8 83. Kg6 Kf8 84. Rc8+ Ke7 85. h6 Bd4 86. Ra8 Kd6 87. h7 Ke6 88. Ra4 Ba1 89. Rd4 Bxd4 90. f5+ Ke7 91. h8=Q Bxh8 92. Kh7 Kf6 93. Kxh8 Kxf5 1/2-1/2


[Site "https://www.chess.com"]

[Event "Titled Tuesday Blitz January 10 Late 2023"]
[White "Lopez Gracia, Fernando"]
[Black "Sargsyan, Anna M."]
[WhiteFideId "2207184"]
[BlackFideId "13308130"]
[WhiteElo "2255"]
[BlackElo "2375"]
[Result "0-1"]
[Round "07"]
[TimeControl "180+2"]
[Date "2023.01.10"]
[WhiteClock "0:01:38"]
[BlackClock "0:02:14"]

1. c4 c6 2. d4 d5 3. cxd5 cxd5 4. Bf4 Nc6 5. e3 Nf6 6. Nc3 Bf5 7. Qb3 Na5 8. Qa4+ Bd7 9. Qc2 e6 10. Bd3 Rc8 11. Nf3 Be7 12. h3 O-O 13. O-O h6 14. Rfc1 a6 15. Qe2 b5 16. Ne5 Nc4 17. b3 Nb6 18. a4 b4 19. Nd1 a5 20. Rxc8 Qxc8 21. Ba6 Qa8 22. Rc1 Ne4 23. f3 Nf6 24. Nb2 Rd8 25. Ned3 Qxa6 0-1


[Site "https://www.chess.com"]

[Event "Titled Tuesday Blitz January 10 Late 2023"]
[White "Le Goff, Ronan"]
[Black "Janaszak, Dawid"]
[WhiteFideId "612073"]
[BlackFideId "1119206"]
[WhiteElo "2320"]
[BlackElo "2316"]
[Result "0-1"]
[Round "07"]
[TimeControl "180+2"]
[Date "2023.01.10"]
[WhiteClock "0:00:06"]
[BlackClock "0:00:19"]

1. d4 d5 2. c4 e6 3. Nc3 c5 4. e3 Nf6 5. cxd5 exd5 6. Nf3 Nc6 7. Bb5 a6 8. Bxc6+ bxc6 9. Ne5 Qc7 10. Qa4 Bb7 11. Nd3 c4 12. Nf4 Qd7 13. O-O Bd6 14. e4 dxe4 15. Re1 O-O 16. Qxc4 Rfe8 17. Be3 Nd5 18. Ncxd5 cxd5 19. Qb3 Rab8 20. Rac1 Qf5 21. Ne2 h5 22. Ng3 Qg6 23. Nf1 h4 24. Qa4 Red8 25. Rc3 Bc8 26. Bc1 h3 27. Ng3 f5 28. Qa5 Bd7 29. Qxd5+ Be6 30. Qc6 Bb4 31. d5 Bf7 32. Qxg6 Bxg6 33. Bf4 Bxc3 34. bxc3 Rbc8 35. d6 Rxc3 36. gxh3 Rc2 37. h4 Rxa2 38. h5 Bh7 39. Rc1 a5 40. Rc7 Ra1+ 41. Kg2 Rf8 42. Be5 Rf7 43. Rxf7 Kxf7 44. Bxa1 Ke6 45. Bxg7 Kxd6 46. Bb2 f4 47. Nf1 Kd5 48. Bc1 f3+ 49. Kg3 a4 50. Ne3+ Kd4 51. Kf4 Kd3 52. h4 Ke2 53. h6 Kxf2 54. Ng4+ Kg2 55. Ne3+ Kf2 56. Ng4+ Kg2 57. Ne3+ Kh3 58. Kg5 f2 59. Nf1 Kg2 60. Ne3+ Kf3 61. h5 a3 62. Bxa3 Kxe3 63. Bc5+ Kf3 64. Bxf2 Kxf2 65. Kf6 e3 66. Kg7 e2 67. Kxh7 e1=Q 68. Kg7 Qe5+ 69. Kg8 Qe6+ 70. Kg7 Qg4+ 71. Kh8 Qc8+ 72. Kg7 Qd7+ 73. Kg8 Qe8+ 74. Kg7 Qe7+ 75. Kg8 Qg5+ 76. Kh7 Qxh5 77. Kg7 Qg5+ 78. Kh7 Kf3 79. Kh8 Qxh6+ 80. Kg8 Qb6 81. Kh8 Kf4 82. Kh7 Kg5 83. Kh8 Qb7 0-1


[Site "https://www.chess.com"]

[Event "Titled Tuesday Blitz January 10 Late 2023"]
[White "Andreev, Eduard"]
[Black "Goncalves, Davi Sulzbacher"]
[WhiteFideId "14103400"]
[BlackFideId "2154510"]
[WhiteElo "2413"]
[BlackElo "2282"]
[Result "1/2-1/2"]
[Round "07"]
[TimeControl "180+2"]
[Date "2023.01.10"]
[WhiteClock "0:00:30"]
[BlackClock "0:00:25"]

1. e4 c5 2. Nf3 Nc6 3. Bb5 g6 4. Bxc6 dxc6 5. d3 Bg7 6. h3 Nf6 7. Nc3 e5 8. Nxe5 Nxe4 9. Nxe4 Bxe5 10. Bh6 f5 11. Ng5 Bd7 12. O-O Qf6 13. f4 Bxb2 14. Re1+ Kd8 15. Rb1 Kc7 16. Kh2 Rae8 17. Nf3 Bc3 18. Rxe8 Rxe8 19. Bg5 Qd6 20. Rb3 Bg7 21. Qd2 h6 22. Bh4 b6 23. Bg3 Be6 24. c4 Rd8 25. Qc2 Bf7 26. a4 a5 27. Ne5 Bxe5 28. fxe5 Qe6 29. Qb2 Rb8 30. Be1 Qd7 31. Rxb6 Rxb6 32. Bxa5 Qd4 33. Qxb6+ Kd7 34. Qc7+ Ke6 35. Qxc6+ Ke7 36. Qf6+ Ke8 37. Bd2 g5 38. Qh8+ Ke7 39. Qf6+ Ke8 40. Qxf5 Qd7 41. Qf6 Qe6 42. Qxe6+ Bxe6 43. Be3 Bf5 44. Bxc5 Bxd3 45. Bd6 Bxc4 46. Kg3 Kd7 47. Kg4 Ke6 48. Kh5 Bf1 49. Kxh6 Bxg2 50. Kxg5 Bxh3 51. Kf4 Bg2 52. Ke3 Kd5 53. Kf4 Bh3 54. Kg5 Bc8 55. Kf6 Bd7 56. a5 Bc8 57. Ke7 Kc6 58. Kd8 Bg4 59. Ke7 Kb7 60. Bc5 Ka8 61. Kd8 Bh3 62. Kc7 Bg4 63. Kd6 Bh3 64. Be3 Bg4 65. Kc5 Bh3 66. Kb6 Bg4 67. Kc7 Bh3 68. Kd8 Bg4 69. Ke7 Bh3 70. Kf6 Bg4 71. Kg5 Bh3 72. Kh4 Bc8 73. Kg3 Be6 74. Kf3 Bc8 75. Kf2 Be6 76. Ke1 Bc8 77. Kd2 Be6 78. Kc2 Bd7 79. Kc3 Be6 80. Kb4 Bd7 81. Kc5 Be6 82. Kd6 Bf5 83. Ke7 Bg4 84. Kf6 Bh3 85. a6 Bg4 86. Kg5 Be6 87. Kh6 Bd7 88. Kg7 Be6 89. Kf8 Bf5 90. Ke7 Bg4 91. Kd6 Bh3 92. Kc5 Bg4 93. Kb4 Bf5 94. Kc3 Be6 95. Kd4 Bd7 96. Ke4 Be6 97. Kf4 Bd7 98. Kg3 Bc8 99. Kh4 Bxa6 100. Kg5 Bc4 101. Kf6 Bb3 102. e6 Bxe6 1/2-1/2


[Site "https://www.chess.com"]

[Event "Titled Tuesday Blitz January 10 Late 2023"]
[White "Fisher_TheGalactic"]
[Black "Carbone, Diego"]
[BlackFideId "3002179"]
[WhiteElo "2556"]
[BlackElo "2336"]
[Result "0-1"]
[Round "07"]
[TimeControl "180+2"]
[Date "2023.01.10"]
[WhiteClock "0:00:17"]
[BlackClock "0:00:10"]

1. Nf3 Nf6 2. g3 g6 3. Bg2 Bg7 4. O-O O-O 5. d3 d6 6. Nbd2 c5 7. e4 Nc6 8. c3 Rb8 9. Re1 e5 10. Nc4 b5 11. Ne3 h6 12. Nh4 Be6 13. f4 exf4 14. gxf4 Ng4 15. Nf3 Nxe3 16. Bxe3 Qd7 17. Qd2 Bh3 18. f5 Bxg2 19. Kxg2 Kh7 20. Nh4 b4 21. c4 Nd4 22. Rf1 Bf6 23. Nf3 g5 24. Nxd4 cxd4 25. Bf2 a5 26. Qe2 a4 27. Qh5 Be5 28. Kh1 Rbc8 29. Rg1 Qe7 30. Rg4 Qf6 31. Rag1 Rg8 32. h4 Bf4 33. hxg5 Rxg5 34. Rxg5 Bxg5 35. Bxd4 Qxd4 36. Rxg5 Rf8 37. Rg2 Qxd3 38. Qg4 Qd4 39. b3 a3 40. Kh2 Re8 41. Kh3 Qc3+ 42. Rg3 Qf6 43. Rg2 Qg5 44. Qxg5 hxg5 45. Re2 f6 46. Kg4 Kg7 47. Kf3 Rh8 48. Rd2 Rh3+ 49. Ke2 Rh2+ 50. Kd3 Rxd2+ 51. Kxd2 Kh6 52. Ke3 Kh5 53. Kf3 g4+ 54. Kf4 Kh4 55. e5 dxe5+ 56. Ke4 g3 57. c5 g2 58. Kd5 g1=Q 59. Ke6 Qxc5 60. Kxf6 e4 61. Kg7 e3 62. f6 Qe5 63. Kg6 e2 64. f7 Qe6+ 65. Kg7 Qxf7+ 66. Kxf7 e1=Q 67. Kf6 Qe2 0-1


[Site "https://www.chess.com"]

[Event "Titled Tuesday Blitz January 10 Late 2023"]
[White "Arenas, David"]
[Black "Bayo Milagro, Alvaro"]
[WhiteFideId "4403177"]
[BlackFideId "22275240"]
[WhiteElo "2426"]
[BlackElo "2287"]
[Result "0-1"]
[Round "07"]
[TimeControl "180+2"]
[Date "2023.01.10"]
[WhiteClock "0:00:54"]
[BlackClock "0:00:12"]

1. e4 c6 2. d4 d5 3. e5 Bf5 4. Nd2 e6 5. Nb3 Nd7 6. Nf3 h6 7. Be2 Ne7 8. O-O Bh7 9. a4 Nf5 10. a5 a6 11. c4 Be7 12. Bd2 O-O 13. Bc3 Re8 14. cxd5 cxd5 15. Bd3 Rc8 16. Qb1 Bg6 17. g4 Nh4 18. Nxh4 Bxd3 19. Qxd3 Bxh4 20. f4 Nf8 21. Kh1 f6 22. Nd2 fxe5 23. fxe5 Nh7 24. Nf3 Rf8 25. Qg6 Rc6 26. Nxh4 Qxh4 27. Bb4 Qg5 28. Qxg5 Rxf1+ 29. Rxf1 Nxg5 30. Rf8+ Kh7 31. Bc5 Rc7 32. h4 Ne4 33. b4 Kg6 34. Kg2 h5 35. Kh3 hxg4+ 36. Kxg4 Kh6 37. h5 Ng5 38. Rh8+ Nh7 39. b5 axb5 40. Bb4 Rc2 41. Rb8 Rg2+ 42. Kf3 Rb2 43. Bc3 Rb3 44. Rxb7 Rxc3+ 45. Kg4 Rc4 46. a6 Rxd4+ 0-1


[Site "https://www.chess.com"]

[Event "Titled Tuesday Blitz January 10 Late 2023"]
[White "Sielecki, Christof"]
[Black "Sivakumar, Shaaketh"]
[WhiteFideId "4620437"]
[BlackFideId "30940176"]
[WhiteElo "2419"]
[BlackElo "2337"]
[Result "1-0"]
[Round "07"]
[TimeControl "180+2"]
[Date "2023.01.10"]
[WhiteClock "0:00:50"]
[BlackClock "0:00:59"]

1. e4 e6 2. d4 d5 3. Nd2 c5 4. Ngf3 Nc6 5. exd5 exd5 6. Bb5 Qe7+ 7. Be2 Qc7 8. O-O Nf6 9. Re1 Be6 10. Bb5 Be7 11. Nb3 c4 12. Nc5 Bxc5 13. dxc5 O-O 14. Bxc6 Qxc6 15. Nd4 Qxc5 16. Rxe6 fxe6 17. Nxe6 Qb6 18. Nxf8 Rxf8 19. Be3 Qxb2 20. Bxa7 Kh8 21. Bd4 Qa3 22. f3 b5 23. Rb1 Qxa2 24. Rxb5 Qa4 25. Qb1 Qa8 26. Qb2 h6 27. Rb6 Qa5 28. Bc3 Qa7 29. Bd4 Qe7 30. Qb4 Qa7 31. Qxf8+ Kh7 32. Qb4 Nh5 33. g3 Qf7 34. Kg2 Qf5 35. Qd2 Qd7 36. Qe3 Qf5 37. c3 Qc2+ 38. Qf2 Qf5 39. Rb7 Qg6 40. Kh1 Qb1+ 41. Rxb1 1-0


[Site "https://www.chess.com"]